 Dungeon Crawl Stone Soup version 0.24.1-4-ge52af88ad5 (webtiles) character file.

Game seed: 13513239743942700325, levelgen mode: deterministic

154 Descartes the Shield-Bearer (level 5, 0/37 HPs)
             Began as a Formicid Fighter on Apr 13, 2020.
             Slain by Crazy Yiuf
             ... wielding a +4 quarterstaff of chaos
              (11 damage)
             ... on level 3 of the Dungeon.
             The game lasted 00:06:43 (3551 turns).

Descartes the Shield-Bearer (Formicid Fighter)      Turns: 3551, Time: 00:06:43

Health: 0/37       AC:  6    Str: 22    XL:     5   Next: 62%
Magic:  5/5        EV:  7    Int:  7    God:
Gold:   118        SH:  9    Dex: 10    Spells: 4/4 levels left

rFire    . . .     SeeInvis +   a - +0 war axe
rCold    . . .     Gourm    .   c - +0 shield
rNeg     . . .     Faith    .   b - +0 scale mail
rPois    .         Spirit   .   (helmet unavailable)
rElec    .         Reflect  .   (no cloak)
rCorr    .         Harm     .   (no gloves)
MR       .....                  (no boots)
Stlth    ..........             (no amulet)
HPRegen  0.12/turn              (no ring)
MPRegen  0.09/turn              (no ring)

@: lethally poisoned (0 -> -6), heavily drained
A: permanent stasis, dig shafts and tunnels, four strong arms, reduced essence,
antennae 3
a: Dig, Shaft Self


You were on level 3 of the Dungeon.
You were not hungry.

You visited 1 branch of the dungeon, and saw 3 of its levels.
You also visited: Sewer.

You collected 118 gold pieces.

Inventory:

Hand Weapons
 a - a +0 war axe (weapon)
 v - a +1 flail of draining
Missiles
 r - 43 poisoned darts (quivered)
Armour
 b - a +0 scale mail (worn)
 c - a +0 shield (worn)
 t - a +0 chain mail
Scrolls
 g - 3 scrolls of identify
 j - a scroll of noise {unknown}
 k - a scroll of fog {unknown}
 l - a scroll of magic mapping {unknown}
 p - 3 scrolls of remove curse
Potions
 d - a potion of might
 e - 2 potions of curing
 h - a potion of mutation {unknown}
 i - a potion of haste {unknown}
 m - 5 potions of flight
 n - 3 potions of heal wounds {unknown}
 o - a potion of cancellation {unknown}
 q - a potion of brilliance {unknown}
 s - a potion of degeneration {unknown}
Comestibles
 f - 7 rations
 u - 3 chunks of flesh


   Skills:
 + Level 4.3(2.5) Fighting
 - Level 3.1(1.4) Axes
 + Level 4.3(2.5) Armour
 + Level 4.6(2.8) Shields


You had 4 spell levels left.
You didn't know any spells.
Your spell library was empty.

Dungeon Overview and Level Annotations

Branches:
Dungeon (3/15)              Sewer (visited)

Altars:
Elyvilon
Fedhas
Hepliaklqana
Ru
Vehumet
The Shining One

Annotations:
D:3 Crazy Yiuf


Innate Abilities, Weirdness & Mutations

You cannot be hasted, slowed, berserked, paralysed or teleported.
You can dig through walls and to a lower floor.
Your four strong arms can wield two-handed weapons with a shield.
You have a pair of large antennae on your head. (SInv)
Your life essence is reduced to manifest your ancestor. (-10% HP)


Message History

You are poisoned.
Crazy Yiuf cries, "Dawk leg sizzlefizz!"
You block Crazy Yiuf's attack.
You hit Crazy Yiuf but do no damage.
Crazy Yiuf is lightly wounded.
You feel sick.
Crazy Yiuf hits you with a +4 quarterstaff of chaos.
You slash Crazy Yiuf!
Crazy Yiuf is heavily wounded.
You feel sick.
Crazy Yiuf hits you with a +4 quarterstaff of chaos.
You hit Crazy Yiuf but do no damage.
Crazy Yiuf is heavily wounded.
You feel sick. You block Crazy Yiuf's attack. x2
You closely miss Crazy Yiuf.
Crazy Yiuf is heavily wounded.
You feel sick.
Crazy Yiuf screams, "Dawk senile arga!"
Crazy Yiuf hits you with a +4 quarterstaff of chaos!
You die...

#### #.#.....#
#..# #>#.....#
##.## #.......#
#..# #########
##.# #.# #.##
#### ♣♣##..#
#)))#♣♣ ♣♣.....#
#.)g@)♣♣♣♣......#
#)))#♣))♣).....##
#### ♣♣♣)♣)...##
♣♣♣♣♣###


You could see Crazy Yiuf.

Vanquished Creatures
  A big kobold (Sewer)
  Jessica (D:2)
  Natasha (thrice) (D:2)
  3 gnolls (D:3)
  3 adders
  3 river rats
  A worm (D:3)
  A dart slug (D:1)
  2 leopard geckos (D:3)
  3 orcs (D:3)
  5 bats
  3 giant cockroaches
  7 goblins
  8 hobgoblins
  8 jackals
  3 ball pythons (D:3)
  2 frilled lizards (D:3)
  9 kobolds
  15 rats
81 creatures vanquished.

Notes
Turn   | Place    | Note
-------+----------+-------------------------------------------
     0 | D:1      | Descartes the Formicid Fighter began the quest for the Orb.
     0 | D:1      | Reached XP level 1. HP: 18/18 MP: 1/1
   178 | D:1      | Reached XP level 2. HP: 23/24 MP: 2/2
   708 | D:2      | Reached XP level 3. HP: 29/29 MP: 3/3
  1083 | D:2      | Noticed Jessica
  1095 | D:2      | Killed Jessica
  1095 | D:2      | Reached XP level 4. HP: 18/37 MP: 4/4
  1262 | D:2      | Noticed Natasha
  1288 | D:2      | Killed Natasha
  1493 | D:2      | Found a faded altar of an unknown god.
  1515 | D:2      | Became a worshipper of Hepliaklqana the Forgotten
  1515 | D:2      | Reached * piety under Hepliaklqana
  1518 | D:2      | Noticed Natasha
  1522 | D:2      | Killed Natasha
  1522 | D:2      | Reached XP level 5. HP: 26/37 MP: 5/5
  1686 | D:2      | Found a radiant altar of Vehumet.
  1693 | D:2      | Found a white marble altar of Elyvilon.
  1746 | D:2      | Noticed Natasha
  1753 | D:2      | Killed Natasha
  1813 | D:2      | Fell from the grace of Hepliaklqana
  1927 | D:3      | Found a glowing golden altar of the Shining One.
  1929 | D:3      | Found a blossoming altar of Fedhas.
  1929 | D:3      | Found a sacrificial altar of Ru.
  1976 | D:3      | Found a glowing drain.
  2017 | Sewer    | Entered a sewer
  2308 | Sewer    | Noticed a big kobold
  2337 | Sewer    | Killed a big kobold
  2449 | Sewer    | Found a white marble altar of Elyvilon.
  3534 | D:3      | Found a runed translucent door.
  3535 | D:3      | Noticed Crazy Yiuf
  3551 | D:3      | Slain by Crazy Yiuf

Levels and vault maps discovered:
D:1:      dpeg_arrival_short_road, layout_loops_ring
D:2:      layout_loops_ring, amethyst_overflow_temple_binary,
          chequers_ecumenical_altar_simple, uniq_jessica, uniq_natasha
D:3:      layout_rooms, gammafunk_temple_overflow_forgotten, first_ration,
          portal_sewer_entry_c, uniq_crazy_yiuf_cottage

Skill      XL: |  1  2  3  4  5 |
---------------+----------------+-----
Shields        | 4 |  4.6
Fighting       | 4 |  4.3
Armour         | 4 |  4.3
Axes           | 3 |  3.1

Action                   |  1- 3 |  4- 6 || total
-------------------------+-------+-------++-------
Melee: War axe           |    72 |   205 ||   277
Invok: Ancestor Identity |       |     1 ||     1
       Renounce Religion |       |     1 ||     1
 Abil: Dig               |     2 |     2 ||     4
  Use: Scroll            |       |     2 ||     2
       Potion            |       |     1 ||     1
  Eat: Chunk             |     1 |     7 ||     8
       Ration            |       |     1 ||     1
Armor: Scale mail        |    27 |    59 ||    86
Dodge: Dodged            |    28 |    73 ||   101
Block: Shield            |    37 |   109 ||   146
